[Event "55th Biel Festival MTO 2022"]
[Site "Biel"]
[Date "2022.07.22"]
[Round "9.30"]
[White "Mamedov, Edgar"]
[Black "Popiol, Michal"]
[Result "1-0"]
[ECO "D00"]
[WhiteElo "2227"]
[BlackElo "2118"]
[Annotator "TA"]
[PlyCount "65"]
[EventDate "2022.07.13"]
[EventType "swiss"]
[EventCountry "SUI"]
[SourceTitle "playchess.com"]
[Source "ChessBase"]
[SourceQuality "1"]
[TimeControl "40/5400+30:1800+30"]

1. d4 Nf6 2. Bg5 g6 3. Bxf6 exf6 4. e3 d5 5. c4 dxc4 6. Bxc4 Bd6 {[%emt 0:00:04] D00: 1 d4 d5: Unusual lines.} 7. Nc3 O-O 8. Nf3 c6 {[%emt 0:02:00] The position is equal.} 9. O-O Nd7 10. e4 {[%emt 0:04:53][%cal Be3e4,Be4e5][%mdl 32] [#]} b5 $146 ({Predecessor:} 10... Nb6 11. Bb3 Bg4 12. h3 Bxf3 13. Qxf3 Kg7 14. Rad1 Qe7 15. Rfe1 Rad8 16. Qe3 Rfe8 {½-½ (52) Sarana,A (2641)-Demchenko,A (2679) Sochi 2018}) 11. Bb3 a6 12. Re1 c5 13. e5 {[%emt 0:27:05] [#] Bd5 is the strong threat.} cxd4 ({Better is} 13... Be7 $14) 14. exd6 $16 dxc3 15. bxc3 {[%emt 0:02:29] Hoping for Re7.} Bb7 (15... a5 $14) 16. Bd5 $2 (16. Re7 $18) 16... Bxd5 $11 17. Qxd5 Nb6 18. Qd4 Rc8 19. Nd2 {[%emt 0:05:43] Against Rc4} ({White should try} 19. Rad1 $14) 19... f5 {[%emt 0:02:34] [#]} (19... Rc6 $11 {remains equal.} 20. Ne4 Kg7) 20. Rad1 $1 $36 {[%emt 0:02:39][%mdl 2048] Keeping Black busy. 0x0.001eb8fcc939dp-1022s more active pieces.} Rc6 21. Nf3 Nc4 (21... Rc4 $16 22. Qd2 f6) 22. d7 $18 Rd6 23. Qa7 Rxd1 (23... Rb6 $142 24. Rd5 Nd6) 24. Rxd1 Qf6 25. Qd4 Qd8 (25... Qxd4 {was worth a try.} 26. Nxd4 (26. Rxd4 Rd8 $11) 26... Ne5) 26. Ne5 {[%emt 0:01:37] And now Nc6 would win.} Nxe5 27. Qxe5 {[%emt 0:00:11][%mdl 4096] Endgame KQR-KQR} Qa8 28. Re1 {[%emt 0:05:38] Black must now prevent Qe8.} Rd8 29. Qe8+ Kg7 30. Re7 Qd5 31. Rxf7+ Kh6 32. Qe3+ g5 33. Qh3+ {[%emt 0:00:07] Weighted Error Value: White=0.16 (very precise) /Black=0.68} 1-0

[Event "55th Biel Festival MTO 2022"]
[Site "Biel"]
[Date "2022.07.22"]
[Round "9.31"]
[White "Stijve, Theo"]
[Black "Matsumura, Cocoro"]
[Result "1-0"]
[ECO "A09"]
[WhiteElo "2394"]
[BlackElo "2043"]
[Annotator "TA"]
[PlyCount "61"]
[EventDate "2022.07.13"]
[EventType "swiss"]
[EventCountry "SUI"]
[SourceTitle "playchess.com"]
[Source "ChessBase"]
[SourceQuality "1"]
[TimeControl "40/5400+30:1800+30"]

1. Nf3 d5 2. c4 d4 3. g3 Nc6 4. Bg2 e5 5. d3 Bc5 6. O-O {[%emt 0:00:22][%cal Ob2b4] A09: Réti Opening: 1 Nf3 d5 2 c4.} Nge7 7. Na3 O-O {[%emt 0:01:59] [#]} 8. Rb1 $146 {[%emt 0:01:09] The position is equal.} ({Predecessor:} 8. Nc2 a5 9. b3 Ng6 10. a3 Qe7 11. Rb1 Bf5 12. Qd2 e4 13. Nfe1 Rad8 14. b4 axb4 15. axb4 {1-0 (44) Pantsulaia,L (2553)-Sadhwani,R (2555) Chess.com INT 2021}) 8... Ng6 9. Bd2 Qe7 10. Nc2 {[%emt 0:00:19] Threatens to win with b4.} a5 {[%emt 0:00:16] Inhibits b4.} 11. e3 dxe3 12. Nxe3 Qd6 13. Ng5 Qxd3 14. Be4 Qd6 15. Bd5 {[%emt 0:00:44] Strongly threatening Qh5.} Nce7 16. Qh5 h6 17. Ne4 $40 {[%emt 0:00:20][%mdl 128] White is up to no good.} Qb6 {[%emt 0:00:11] ...c6 is the strong threat.} 18. b4 {[%emt 0:01:39] [#]} (18. Nxc5 $15 Qxc5 19. b4) 18... Bd4 $1 $17 ({Don't play} 18... axb4 $6 19. Nxc5 Qxc5 20. Bxb4 $11) (18... Bxb4 19. a3 c6 20. c5 $15) 19. c5 {[%emt 0:02:50] [#]} Qb5 20. bxa5 Qd7 21. Bc4 ({Wrong is} 21. Bxb7 $2 Bxb7 22. Rxb7 Qc6 $19) 21... Qc6 22. f3 (22. Qf3 $17) 22... Nf4 23. gxf4 $19 exf4 {[%emt 0:00:12][%mdl 64] Pin} 24. Bc3 Bxe3+ (24... Qg6+ $19 {and life is good for Black.} 25. Qxg6 Bxe3+ 26. Kh1 Nxg6) 25. Kh1 $18 {[%emt 0:00:12][%cal Of1g1] Hoping for Rg1!} Qg6 {[%emt 0:02:11] [#] Against Rg1} 26. Rg1 $1 {[%emt 0:01:24][%mdl 576] Skewer} Bxg1 {[%emt 0:04:16] [#]} 27. Rxg1 $1 Qxg1+ (27... Bf5 28. Rxg6) 28. Kxg1 {[%emt 0:00:08][%cal Oe4f6] Intending Nf6+! and mate.} Nf5 {[%emt 0:00:21] [#]} 29. Nf6+ $1 Kh8 {[%emt 0:01:08] [#]} 30. Bxf7 $1 Ra6 {[%emt 0:01:07] [#]} 31. Qg6 $1 {[%emt 0:03:15] Weighted Error Value: White=0.23 (precise) /Black=0.71} 1-0

[Event "55th Biel Festival MTO 2022"]
[Site "Biel"]
[Date "2022.07.22"]
[Round "9.32"]
[White "Aydin, Gulenay"]
[Black "Bewersdorff, Oliver"]
[Result "0-1"]
[ECO "C48"]
[WhiteElo "2100"]
[BlackElo "2280"]
[Annotator "TA"]
[PlyCount "97"]
[EventDate "2022.07.13"]
[EventType "swiss"]
[EventCountry "SUI"]
[SourceTitle "playchess.com"]
[Source "ChessBase"]
[SourceQuality "1"]
[TimeControl "40/5400+30:1800+30"]

1. e4 e5 2. Nf3 Nc6 3. Nc3 Nf6 4. Bb5 Bd6 5. d3 a6 6. Ba4 {[%emt 0:05:58] C48: Four Knights: 4 Bb5, replies other than 4...Bb4.} h6 7. Bb3 Bb4 8. a3 {[%emt 0:03:45] The position is equal.} Ba5 {[%emt 0:03:11] [#]} 9. O-O $146 ({Predecessor:} 9. Bd2 d6 10. h3 O-O 11. Nd5 Be6 12. Bxa5 Nxa5 13. Nxf6+ Qxf6 14. Bxe6 Qxe6 15. O-O Rfe8 16. Qe2 {1-0 (25) Schmidt Riese,E-Brenner,A Germany 2008}) 9... d6 10. h3 O-O 11. Be3 Be6 12. Bxe6 fxe6 13. b4 Bb6 14. Bxb6 cxb6 15. d4 (15. Nb1 $11) 15... exd4 (15... Rc8 $15) 16. Nxd4 $11 Qe7 17. Nxc6 bxc6 18. Qe2 b5 19. Rfe1 e5 20. Rad1 a5 21. Qd2 axb4 22. axb4 Rad8 23. Qe3 Qc7 24. Ra1 Ra8 25. Ne2 d5 26. Ng3 d4 27. Qd3 Kh8 28. c3 Rad8 29. Ra2 (29. Ra6 $14 {is more appropriate.}) 29... dxc3 ({Better is} 29... Qf7 $11 30. Rc2 Qb3) 30. Qxc3 $14 Rd4 31. Qc5 Rf7 32. Rc2 {[%emt 0:00:56] Prevents Rc4.} Qd6 {[%emt 0:03:08] Black is now going downhill.} (32... Nd7 $14 33. Qxc6 Qxc6 34. Rxc6 Rxb4) 33. Qxd6 $16 Rxd6 34. Nf5 $36 {[%emt 0:02:44][%mdl 2048] White has strong initiative.} Re6 35. f3 Nd7 (35... Ra7 $16 {is a better defense.}) 36. Rd1 $18 Kh7 (36... Nf8 $142 37. Rd8 Kh7) 37. Nd6 Rff6 38. Nxb5 ({Don't play} 38. Rxc6 $6 Nf8) 38... Nb6 $2 {[%emt 0:00:33] [#]} (38... Nb8) 39. Na3 Kg6 40. Nc4 Nxc4 41. Rxc4 {[%emt 0:30:02][%mdl 4096] Endgame KRR-KRR} h5 (41... Kg5 $142 42. Rd7 g6) 42. h4 Kh6 43. Rd8 Rd6 44. Rc8 Kg6 45. Rc5 Rde6 46. Ra8 Re7 47. Raa5 Rfe6 48. Ra6 Rd7 49. b5 {[%emt 0:00:00][%mdl 32768] Weighted Error Value: White=0.13 (very precise) /Black=0.26 (precise) . Loss on time!?} 0-1

[Event "55th Biel Festival MTO 2022"]
[Site "Biel"]
[Date "2022.07.22"]
[Round "9.33"]
[White "Nideroest, Bruno"]
[Black "Ludwig, Peter"]
[Result "1-0"]
[ECO "C18"]
[WhiteElo "2258"]
[BlackElo "2163"]
[Annotator "TA"]
[PlyCount "139"]
[EventDate "2022.07.13"]
[EventType "swiss"]
[EventCountry "SUI"]
[SourceTitle "playchess.com"]
[Source "ChessBase"]
[SourceQuality "1"]
[TimeControl "40/5400+30:1800+30"]

1. e4 e6 2. d4 d5 3. Nc3 Bb4 4. e5 Ne7 5. a3 Bxc3+ 6. bxc3 c5 7. h4 Qc7 8. Rb1 {[%emt 0:00:13] C18: French: 3 Nc3 Bb4: Main line: 7 h4 and 7 Qg4.} Bd7 9. h5 Nbc6 (9... h6 $11) 10. h6 $1 $14 {[%emt 0:00:26] White is slightly better.} gxh6 11. Nf3 O-O-O 12. Bxh6 cxd4 (12... Rhg8 $1 $14) 13. cxd4 $16 Nf5 {[%emt 0:00:07] [#]} 14. c3 $146 ({Better is} 14. Bg5 $1 $16) ({Predecessor:} 14. Bf4 Ncxd4 15. Nxd4 Qc3+ 16. Qd2 Qxd2+ 17. Kxd2 Nxd4 18. Bg5 Rdf8 19. Be7 Re8 20. Bf6 {1-0 (91) Alvir,A (2386)-Bachofner,A (2179) Austria 2001}) 14... Nxh6 $11 15. Rxh6 Rdg8 16. g3 Rg6 17. Rh5 f6 18. Bd3 f5 (18... Be8 $11 {keeps the balance.}) 19. Nh4 Rg7 20. Ng2 Ne7 21. Qb3 Ng6 22. Kd2 Rf8 23. Ke3 {[%emt 0:02:31] Inhibits f4+.} Be8 {[%emt 0:06:15][%cal Og6e5] Strongly threatening ...Nxe5!} 24. Rh2 ({White should try} 24. Rh6 $16) 24... Qf7 (24... f4+ $1 $11 25. Nxf4 Nxf4 26. gxf4 (26. Qb4 Qf7 $11) 26... Bg6) 25. Ke2 $2 {[%emt 0:00:37] White is much more active.} (25. Nf4 $16 {and life is bright.}) 25... f4 $19 26. Bxg6 $2 (26. gxf4 {is a better defense.} Nxf4+ 27. Nxf4 Qxf4 28. Rbh1) 26... f3+ $2 (26... Qxg6 $19 27. gxf4 (27. Nxf4 $2 Rxf4 28. Rc1 Qe4+ 29. Kd2 Qf5 $19) 27... Qe4+ 28. Ne3 Rxf4) 27. Kd2 $11 Qxg6 28. Ne3 $36 {[%emt 0:00:01][%mdl 2048] White fights for an advantage.} Qg5 (28... Rc7 $14) 29. Qb4 $16 Rff7 {[%emt 0:01:23] [#]} (29... Qe7 $142 30. c4 dxc4) 30. Rbh1 (30. Qc5+ $1 $18 Kb8 31. Qd6+ Rc7 32. Qxe6) 30... Qd8 $2 (30... Rc7 $16 {was called for.}) 31. Rh6 $18 Qd7 32. R6h4 (32. Qc5+ $18 {has better winning chances.} Kb8 33. Qd6+ Qxd6 34. exd6) 32... b6 (32... Kb8 $16 33. Rh6 Re7) 33. Ng4 Kb7 34. Nf6 a5 35. Nxd7 (35. Qb3 $18 Qc6 36. Rxh7) 35... axb4 $16 36. Nf6 bxc3+ 37. Ke3 ({Much weaker is} 37. Kxc3 $6 Rc7+ 38. Kd2 Bg6 $11) (37. Kc2 $16 Ba4+ 38. Kxc3) 37... Re7 38. Nxe8 (38. Rc1 $16) 38... Rxe8 $11 39. Rxh7 Rxh7 40. Rxh7+ $16 {[%emt 0:00:30][%mdl 4096] Endgame KR-KR} Kb8 $2 {[%emt 0:00:07][%mdl 8192] White stays focused until the end.} (40... Kc6 $11 {and Black has nothing to worry.}) 41. Rh1 $18 c2 42. Rc1 Rc8 43. Kd3 {[%emt 0:00:00] Inhibits Rc3+.} Rc4 (43... Kb7 $142 44. Rxc2 Ra8) 44. Rxc2 Ra4 45. Rc3 Kb7 46. Ke3 b5 47. Rd3 Kc6 48. Kxf3 b4 49. axb4 Rxb4 50. Kf4 Kd7 51. Kg5 Ke7 52. f4 Kf7 53. g4 Ra4 54. f5 exf5 55. gxf5 Ra1 56. Rg3 Rd1 57. Rg4 Rf1 58. Rg3 Rd1 59. e6+ {[%emt 0:00:39] White mates.} Ke7 60. Rg4 Rf1 61. Rh4 Rg1+ 62. Kf4 Re1 63. Rh7+ Kd6 64. Rd7+ Kc6 65. Kg5 Re4 66. Kf6 Rxd4 67. Ke7 Rh4 68. f6 Rh6 69. f7 Rh7 70. Ke8 {[%emt 0:00:44] Weighted Error Value: White=0.40/Black=0.68} 1-0

[Event "55th Biel Festival MTO 2022"]
[Site "Biel"]
[Date "2022.07.22"]
[Round "9.34"]
[White "Jaksland, Tim"]
[Black "Dauth, Benjamin"]
[Result "1/2-1/2"]
[ECO "C55"]
[WhiteElo "2149"]
[BlackElo "2243"]
[Annotator "TA"]
[PlyCount "56"]
[EventDate "2022.07.13"]
[EventType "swiss"]
[EventCountry "SUI"]
[SourceTitle "playchess.com"]
[Source "ChessBase"]
[SourceQuality "1"]
[TimeControl "40/5400+30:1800+30"]

1. e4 e5 2. Nf3 Nc6 3. Bc4 Nf6 4. d3 Be7 5. O-O O-O 6. Re1 d6 7. a3 Nd7 {[%emt 0:00:13] [#] C55: Two Knights: 4 d3, 4 d4 exd4 5 e5 and Max Lange Attack.} 8. c3 $146 ({Predecessor:} 8. Nc3 Nb6 9. Ba2 Kh8 10. b4 Bg4 11. h3 Bxf3 12. Qxf3 Nd4 13. Qd1 Bg5 14. Be3 c6 15. Rf1 {0-1 (95) Gajewski,G (2589)-Wojtaszek,R (2696) Kruszwica 2022}) 8... Nb6 9. Bb3 Kh8 {[%emt 0:00:06] White is slightly better.} 10. a4 f5 11. a5 fxe4 12. dxe4 Nd7 13. Be3 Qe8 14. Nbd2 Nf6 15. h3 Nh5 16. Bc4 Nd8 17. Bf1 Ne6 18. Kh2 Bd7 19. g3 Bc6 20. Bg2 h6 21. Kg1 Qg6 22. Nh2 {[%emt 0:00:58] [#]} ({White should try} 22. b4 $11) 22... Nf6 (22... Nhf4 $1 $15) 23. Ng4 Nh7 (23... Bxe4 $2 24. Nxe4 Nxe4 25. Qd3 $18) ({Much less strong is} 23... Nxe4 24. Qb1 $16) 24. Nh2 {[%emt 0:00:20] The position is equal.} Bd7 25. h4 {[%emt 0:02:35] Inhibits Neg5.} Bc6 (25... Nd8 $5 ) 26. Qg4 Qf7 27. Qe2 Qg6 28. Qg4 Qf7 {[%emt 0:02:22] Weighted Error Value: White=0.17 (very precise) /Black=0.13 (very precise)} 1/2-1/2

[Event "55th Biel Festival MTO 2022"]
[Site "Biel"]
[Date "2022.07.22"]
[Round "9.35"]
[White "Sadeghi, Hassan Roger"]
[Black "Kittler, Thorsten"]
[Result "1/2-1/2"]
[ECO "B23"]
[WhiteElo "2068"]
[BlackElo "2226"]
[Annotator "TA"]
[PlyCount "47"]
[EventDate "2022.07.13"]
[EventType "swiss"]
[EventCountry "SUI"]
[SourceTitle "playchess.com"]
[Source "ChessBase"]
[SourceQuality "1"]
[TimeControl "40/5400+30:1800+30"]

1. e4 c5 2. Nc3 d6 3. Nge2 a6 4. a4 Nf6 5. g3 g6 6. Bg2 {[%emt 0:01:11] B23: Closed Sicilian: Lines without g3.} Bg7 7. d3 {[%emt 0:00:39] [#]} O-O $146 ({Predecessor:} 7... Nc6 8. O-O Be6 9. Re1 O-O 10. Nf4 Bg4 11. f3 Bd7 12. Be3 Qc8 13. Qc1 Nd4 14. Bxd4 cxd4 15. Ncd5 Nxd5 16. Nxd5 Qd8 17. a5 {0-1 (17) Cano,S-Hernandez,A Mexico City 1993}) 8. Bg5 {[%emt 0:01:26] The position is equal.} h6 9. Be3 Nc6 10. h3 Rb8 11. Qd2 Kh7 12. f4 Bd7 13. g4 Rh8 14. O-O Rf8 15. Qe1 Ng8 16. Nd1 Nd4 17. Qd2 e6 18. Nc1 f5 $1 19. c3 Nc6 (19... fxg4 {feels hotter.} 20. hxg4 e5 21. f5 Qh4) 20. d4 (20. Ne2 $11 {keeps the balance.}) 20... cxd4 21. cxd4 fxg4 (21... fxe4 $17 {Strongly threatening ...d5.} 22. Bxe4 Nf6) 22. hxg4 $11 e5 23. dxe5 dxe5 24. f5 {[%emt 0:02:01] Weighted Error Value: White=0.17 (very precise) /Black=0.11 (very precise)} 1/2-1/2

[Event "55th Biel Festival MTO 2022"]
[Site "Biel"]
[Date "2022.07.22"]
[Round "9.36"]
[White "Kamber, Bruno"]
[Black "Foerster-Yialamas, Lucas"]
[Result "1/2-1/2"]
[ECO "C43"]
[WhiteElo "2225"]
[BlackElo "2147"]
[Annotator "TA"]
[PlyCount "33"]
[EventDate "2022.07.13"]
[EventType "swiss"]
[EventCountry "SUI"]
[SourceTitle "playchess.com"]
[Source "ChessBase"]
[SourceQuality "1"]
[TimeControl "40/5400+30:1800+30"]

1. e4 e5 2. Nf3 Nf6 3. d4 Nxe4 4. Bd3 d5 5. Nxe5 Nd7 6. Nxd7 Bxd7 7. Qe2 {[%emt 0:00:23] [#] And now f3 would win. C43: Petroff Defence: 3 d4.} (7. O-O {seems wilder.} Bd6 8. c4 O-O 9. cxd5 f5 10. Nd2) 7... Qe7 8. Nd2 Nxd2 9. Qxe7+ {[%emt 0:00:18] The position is equal.} Bxe7 10. Bxd2 Bf6 11. c3 O-O 12. O-O-O {[%emt 0:01:21][%cal Ba1d1,Bd1e1,Be1e8][%mdl 32] [#]} b5 $146 ({Predecessor:} 12... a5 13. h4 b5 14. Bg5 Bxg5+ 15. hxg5 g6 16. Rde1 Rfe8 17. Kd2 c6 18. Rxe8+ Rxe8 {½-½ (44) Kamber,B (2225)-Foerster Yialamas,L (2147) Biel 2022}) 13. h4 (13. Bf4 $5 ) 13... Bg5 $2 {[%emt 0:10:43][%mdl 8192] [#] This move loses the game for Black.} 14. hxg5 $18 g6 15. Rde1 Rfe8 16. Rxe8+ Kg7 17. Rxh7+ {[%emt 0:40:06][%mdl 32768] Weighted Error Value: White=0.35/Black=1.55. An unexpected result.} (17. Rxa8 $142 b4 18. cxb4 a5 19. bxa5 Bg4 20. a6 Bf5 21. Bxf5 h5 22. gxh6+ Kf6 23. h7) 1/2-1/2

[Event "55th Biel Festival MTO 2022"]
[Site "Biel"]
[Date "2022.07.22"]
[Round "9.37"]
[White "Collin, Moritz Valentin"]
[Black "Gomez Barrera, Javiera Belen"]
[Result "0-1"]
[ECO "E60"]
[WhiteElo "2129"]
[BlackElo "2210"]
[Annotator "TA"]
[PlyCount "70"]
[EventDate "2022.07.13"]
[EventType "swiss"]
[EventCountry "SUI"]
[SourceTitle "playchess.com"]
[Source "ChessBase"]
[SourceQuality "1"]
[TimeControl "40/5400+30:1800+30"]

1. d4 Nf6 2. c4 g6 3. h4 Bg7 4. Nc3 Nc6 5. Nf3 d6 6. d5 {[%emt 0:00:17] E60: King's Indian: Unusual lines and Fianchetto Variation without Nc3.} Nb8 7. e4 {[%emt 0:00:52] [#]} e6 $146 ({Predecessor:} 7... Nbd7 8. Be2 Nc5 9. Qc2 a5 10. Be3 b6 11. Nd4 Bd7 12. O-O-O h5 13. f3 Qc8 {1-0 (46) Mendonca,L (2562)-Gupta,A (2606) chess24.com INT 2022}) 8. Be2 {[%emt 0:02:15] The position is equal.} O-O 9. O-O exd5 10. exd5 Re8 11. Re1 Na6 12. Be3 Nc5 (12... Rxe3 $5 13. fxe3 Nc5 $11) 13. Bxc5 (13. Bd4 $11) 13... dxc5 $15 14. Nd2 Bf5 15. Bf3 Rxe1+ 16. Qxe1 Ng4 17. g3 Qd7 18. Nde4 Re8 {[%emt 0:03:44] [#] aiming for ...Bxc3.} 19. Qd2 (19. Bxg4 $15 Bxg4 20. Qd2) 19... Ne5 $17 20. Qf4 Nxf3+ (20... Nxc4 $2 21. Nxc5 Qc8 22. Qxc4 $18) 21. Qxf3 Qe7 22. Nd2 b6 {[%emt 0:01:34] Black is more active.} 23. a4 h5 24. a5 {[%emt 0:01:18] Loses the game.} (24. Nf1 $17 {might work better.}) 24... bxa5 $19 25. Nb3 Rb8 26. Nxa5 (26. Qd1 $142) 26... Rxb2 {[%emt 0:00:24] [#] And now ...Rc2 would win.} 27. Nc6 Qe8 28. Rc1 Rb3 (28... Bd4 $142 29. Rf1 Rc2) 29. Kh2 $2 (29. Qe2 Qxe2 30. Nxe2) 29... a6 30. Na5 $2 (30. Qe2 Qxe2 31. Nxe2) 30... Ra3 31. Nb7 Qe5 {[%emt 0:00:42][%cal Ra3c3] Prevents d6.} 32. Nxc5 Rxc3 33. Rxc3 Qxc3 34. Qe2 Qe5 35. Qa2 Qe1 {[%emt 0:00:41] Against Qd2.  Weighted Error Value: White=0.92/Black=0.25 (precise)} 0-1

[Event "55th Biel Festival MTO 2022"]
[Site "Biel"]
[Date "2022.07.22"]
[Round "9.38"]
[White "Vasquez Toledo, Cristian"]
[Black "Louis, Thibault"]
[Result "1-0"]
[ECO "C55"]
[WhiteElo "2206"]
[BlackElo "2140"]
[Annotator "TA"]
[PlyCount "147"]
[EventDate "2022.07.13"]
[EventType "swiss"]
[EventCountry "SUI"]
[SourceTitle "playchess.com"]
[Source "ChessBase"]
[SourceQuality "1"]
[TimeControl "40/5400+30:1800+30"]

1. e4 e5 2. Nf3 Nc6 3. Bc4 Nf6 4. d3 h6 5. c3 d6 6. a4 {[%emt 0:00:28][%cal Ba2a4,Ba4a5][%mdl 32] C55: Two Knights: 4 d3, 4 d4 exd4 5 e5 and Max Lange Attack.} g6 7. a5 Bg7 8. O-O {[%emt 0:05:22] White is slightly better.} O-O 9. Re1 Qe7 10. Nbd2 Nd8 11. d4 {[%emt 0:01:50] [#]} Nh5 $146 ({Predecessor:} 11... Nh7 12. Nf1 Ne6 13. a6 b6 14. Ne3 c6 15. d5 cxd5 16. Nxd5 Qd8 17. Nb4 Nf6 {0-1 (60) Novikova,A (2268)-Petrukhin,D (2412) Novosibirsk 2007}) 12. Nf1 Ne6 13. Ne3 c6 14. g3 Ng5 ({Black should try} 14... Nf6 $14) 15. Nxg5 $16 hxg5 16. dxe5 dxe5 17. Qe2 Be6 18. Bxe6 Qxe6 19. Qc4 Qh3 20. a6 b6 21. Qxc6 Nf6 22. Qc4 g4 (22... Rad8 $142) 23. Qe2 (23. Rd1 $142) 23... Nxe4 24. Qxg4 Qxg4 {[%emt 0:00:50][%mdl 64] Remove Defender} 25. Nxg4 f5 26. Ne3 Nc5 27. Nd5 Rfd8 28. Rd1 Kf7 29. Bg5 Rd7 30. Nb4 {[%emt 0:00:08] White is more active.} Ke6 (30... Rc8 $142) 31. Rxd7 Nxd7 32. Rd1 (32. Nc6 $142 $1 ) 32... Rc8 33. Kf1 Bf8 34. Nd3 Bd6 35. Re1 Kd5 36. Rd1 Ke6 37. Re1 Kd5 $1 38. Rd1 {[%emt 0:00:08][%cal Od3e5] Hoping for Nxe5+!} Ke6 39. Ke2 Rc4 40. Ra1 $1 Kd5 41. Kd2 Nc5 42. Nxc5 Bxc5 {[%emt 0:00:20][%mdl 4096] Endgame KRB-KRB} 43. f3 Kc6 (43... e4 $142) 44. Bf6 (44. Kc2 $142 $1) 44... Bd6 45. Kd3 b5 (45... Kd5 $16) 46. b3 $18 Rc5 {[%emt 0:00:39] [#]} 47. g4 (47. h4 $1 $18 {has better winning chances.}) 47... Kd5 (47... Rd5+ $142 48. Ke2 fxg4) 48. gxf5 $16 gxf5 49. h4 e4+ (49... Bf8 $16 {is a better defense.}) 50. fxe4+ $18 fxe4+ 51. Kc2 Be5 52. Rd1+ Kc6 53. Bxe5 Rxe5 $16 {[%emt 0:00:02] KR-KR} 54. Rh1 (54. Rg1 $16) 54... e3 $2 {[%emt 0:02:07][%mdl 8192] [#]} ({Black should play} 54... Rh5 $14) 55. Kd1 $1 $18 {[%emt 0:00:00] Black must now prevent h5.} ({Not} 55. h5 e2 56. Kd2 b4 $14) 55... Rc5 (55... Rh5 56. Ke2 Kd6 57. Kxe3 Ke5) 56. h5 {[%emt 0:00:48][%cal Bh4h5,Bh5h6,Bh6h7][%mdl 32] aiming for h6.} Rxc3 57. h6 {[%emt 0:00:16] White mates.} Rd3+ 58. Ke2 Rd8 59. h7 Rh8 60. b4 Kd5 61. Kd3 e2 62. Rh5+ Ke6 63. Kxe2 Kf6 64. Kd3 Kg7 65. Rxb5 Rd8+ 66. Kc4 Kh8 67. Rc5 Ra8 68. b5 Rd8 69. Rc6 Ra8 70. Kc5 Rb8 71. b6 axb6+ 72. Kb5 Re8 73. a7 Ra8 74. Kxb6 {[%emt 0:00:10] Weighted Error Value: White=0.15 (very precise) /Black=0.36} 1-0